SA
GRIM REAPERS @ MANCELONA TORCH
08/19/2041
 
TOP OF THE 1ST
Grim Reapers batting - Pitching for Mancelona Torch : RHP Eric Blevins
Pitching: RHP Eric Blevins
Batting: RHB Ron Lott 0-0: Ball
1-0: Ball
2-0: Ball
3-0: Base on Balls
Batting: RHB John Crosby 0-0: Ball
1-0: Foul Ball, location: 2F
1-1: Swinging Strike
1-2: Foul Ball, location: 2F
1-2: 2-RUN HOME RUN (Line Drive, 7D, EV 101.2 MPH), Distance : 393 ft
Batting: RHB Joe Holmes 0-0: Ball
1-0: Foul Ball, location: 2F
1-1: Foul Ball, location: 2F
1-2: Ball
2-2: Foul Ball, location: 2F
2-2: Fly out, F7 (Flyball, 7S, EV 91.9 MPH)
Batting: SHB Danny Warner 0-0: Ball
1-0: SINGLE (Groundball, 4D, EV 99.4 MPH)
Batting: LHB John Manley 0-0: Grounds into double play, 4-6-3 (Groundball, 34, EV 101.2 MPH)
Top of the 1st over - 2 runs, 2 hits, 0 errors, 0 left on base; Grim 2 - Mancelona 0
BOTTOM OF THE 1ST
Mancelona Torch batting - Pitching for Grim Reapers : RHP Zhao-hui Li
Pitching: RHP Zhao-hui Li
Batting: RHB Joe Havermeyer 0-0: Ball
1-0: Ball
2-0: Ball
3-0: Base on Balls
Batting: RHB Ramiro Castillo 0-0: Ground out 4-3 (Groundball, 4, EV 110.0 MPH)
Joe Havermeyer to second
Batting: LHB Diego Alejandro Ureña 0-0: Called Strike
0-1: Fly out, F7 (Flyball, 78D, EV 105.6 MPH)
Batting: RHB Bill Wells 0-0: Swinging Strike
0-1: Swinging Strike
0-2: Strikes out looking
Bottom of the 1st over - 0 runs, 0 hits, 0 errors, 1 left on base; Grim 2 - Mancelona 0
TOP OF THE 2ND
Grim Reapers batting - Pitching for Mancelona Torch : RHP Eric Blevins
Batting: RHB Norihisa Kino 0-0: Called Strike
0-1: Ball
1-1: Fly out, F4 (Popup, 4, EV 56.2 MPH)
Batting: RHB Jim Rigsby 0-0: Called Strike
0-1: Swinging Strike
0-2: Ball
1-2: Strikes out swinging
Batting: RHB Curtis Tiger 0-0: Called Strike
0-1: Swinging Strike
0-2: Strikes out swinging
Top of the 2nd over - 0 runs, 0 hits, 0 errors, 0 left on base; Grim 2 - Mancelona 0
BOTTOM OF THE 2ND
Mancelona Torch batting - Pitching for Grim Reapers : RHP Zhao-hui Li
Batting: SHB Alan Campbell 0-0: Swinging Strike
0-1: Foul Ball, location: 2F
0-2: Ball
1-2: Fly out, F8 (Flyball, 8RM, EV 91.9 MPH)
Batting: LHB Qi-zhen Shen 0-0: Ball
1-0: Called Strike
1-1: Swinging Strike
1-2: Ball
2-2: Foul Ball, location: 2F
2-2: Foul Ball, location: 2F
2-2: Ground out 4-3 (Groundball, 4, EV 85.0 MPH)
Batting: RHB Paul Sykes 0-0: Ball
1-0: Ball
2-0: Swinging Strike
2-1: Foul Ball, location: 2F
2-2: Foul Ball, location: 2F
2-2: Foul Ball, location: 2F
2-2: Strikes out swinging
Bottom of the 2nd over - 0 runs, 0 hits, 0 errors, 0 left on base; Grim 2 - Mancelona 0
TOP OF THE 3RD
Grim Reapers batting - Pitching for Mancelona Torch : RHP Eric Blevins
Batting: RHB Jim McCourtney 0-0: Foul Ball, location: 2F
0-1: Called Strike
0-2: Strikes out swinging, 2-3 out at first.
Batting: RHB Ron Lott 0-0: SOLO HOME RUN (Flyball, 78XD, EV 95.6 MPH), Distance : 423 ft
Batting: RHB John Crosby 0-0: Ball
1-0: Foul Ball, location: 2F
1-1: Ball
2-1: Ball
3-1: Called Strike
3-2: Foul Ball, location: 2F
3-2: Strikes out swinging
Batting: RHB Joe Holmes 0-0: Swinging Strike
0-1: Ball
1-1: Foul Ball, location: 2F
1-2: SINGLE (Groundball, 6MD, EV 102.5 MPH)
Batting: SHB Danny Warner 0-0: Ball
1-0: Called Strike
1-1: Ball
2-1: Ball
3-1: Called Strike
3-2: Base on Balls
Joe Holmes to second
Batting: LHB John Manley 0-0: Ball
1-0: Fly out, F8 (Flyball, 8LS, EV 97.5 MPH)
Top of the 3rd over - 1 run, 2 hits, 0 errors, 2 left on base; Grim 3 - Mancelona 0
BOTTOM OF THE 3RD
Mancelona Torch batting - Pitching for Grim Reapers : RHP Zhao-hui Li
Batting: RHB Glen Stockhill 0-0: Ball
1-0: Fly out, F4 (Line Drive, 4, EV 68.8 MPH)
Batting: RHB Francisco Rocha 0-0: SINGLE (Groundball, 6MD, EV 103.8 MPH)
Batting: RHB Joe Havermeyer 0-0: Fielders Choice at 2nd, 6-4 (Groundball, 6, EV 88.1 MPH)
Batting: RHB Ramiro Castillo 0-0: Swinging Strike
0-1: Ball
1-1: Foul Ball, location: 2F
1-2: Ball
Joe Havermeyer steals 2nd base
2-2: Strikes out swinging
Bottom of the 3rd over - 0 runs, 1 hit, 0 errors, 1 left on base; Grim 3 - Mancelona 0
TOP OF THE 4TH
Grim Reapers batting - Pitching for Mancelona Torch : RHP Eric Blevins
Batting: RHB Norihisa Kino 0-0: Foul Ball, location: 2F
0-1: Ball
1-1: Foul Ball, location: 2F
1-2: Ground out 6-3 (Groundball, 6, EV 105.0 MPH)
Batting: RHB Jim Rigsby 0-0: Called Strike
0-1: Called Strike
0-2: Foul Ball, location: 2F
0-2: Strikes out swinging
Batting: RHB Curtis Tiger 0-0: Ball
1-0: Called Strike
1-1: Ball
2-1: Ground out 5-3 (Groundball, 5, EV 104.4 MPH)
Top of the 4th over - 0 runs, 0 hits, 0 errors, 0 left on base; Grim 3 - Mancelona 0
BOTTOM OF THE 4TH
Mancelona Torch batting - Pitching for Grim Reapers : RHP Zhao-hui Li
Batting: LHB Diego Alejandro Ureña 0-0: Ball
1-0: Ball
2-0: Foul Ball, location: 2F
2-1: Ball
3-1: Base on Balls
Batting: RHB Bill Wells 0-0: Ball
1-0: Called Strike
1-1: Ball
2-1: Swinging Strike
2-2: Fielders Choice at 2nd, 4-6 (Groundball, 34, EV 83.1 MPH)
Batting: SHB Alan Campbell 0-0: Swinging Strike
0-1: Fly out, F7 (Flyball, 78M, EV 77.5 MPH)
Batting: LHB Qi-zhen Shen 0-0: Called Strike
0-1: Swinging Strike
0-2: Ball
1-2: SINGLE (Groundball, 4MD, EV 99.4 MPH)
Bill Wells to second
Batting: RHB Paul Sykes 0-0: Called Strike
0-1: Foul Ball, location: 2F
0-2: Ball
1-2: Ball
2-2: Ball
3-2: Foul Ball, location: 2F
3-2: Foul Ball, location: 2F
3-2: Base on Balls
Bill Wells to third
Qi-zhen Shen to second
Batting: RHB Glen Stockhill 0-0: Ball
1-0: Called Strike
1-1: Ball
2-1: Ball
3-1: Base on Balls
Bill Wells scores
Qi-zhen Shen to third
Paul Sykes to second
Batting: RHB Francisco Rocha 0-0: Called Strike
0-1: Swinging Strike
0-2: Ball
1-2: Fly out, F5 (Popup, 56, EV 63.8 MPH)
Bottom of the 4th over - 1 run, 1 hit, 0 errors, 3 left on base; Grim 3 - Mancelona 1
TOP OF THE 5TH
Grim Reapers batting - Pitching for Mancelona Torch : RHP Eric Blevins
Batting: RHB Jim McCourtney 0-0: Ball
1-0: Foul Ball, location: 2F
1-1: Fly out, F7 (Line Drive, 7, EV 90.6 MPH)
Batting: RHB Ron Lott 0-0: Fly out, F6 (Popup, 6, EV 82.5 MPH)
Batting: RHB John Crosby 0-0: Ball
1-0: Ball
2-0: Ball
3-0: Called Strike
3-1: Foul Ball, location: 2F
3-2: Fly out, F3 (Popup, 3F, EV 58.8 MPH)
Top of the 5th over - 0 runs, 0 hits, 0 errors, 0 left on base; Grim 3 - Mancelona 1
BOTTOM OF THE 5TH
Mancelona Torch batting - Pitching for Grim Reapers : RHP Zhao-hui Li
Batting: RHB Joe Havermeyer 0-0: Called Strike
0-1: Ball
1-1: Ball
2-1: Foul Ball, location: 2F
2-2: Foul Ball, location: 2F
2-2: Strikes out looking
Batting: RHB Ramiro Castillo 0-0: Ball
1-0: Ball
2-0: Ball
3-0: Called Strike
3-1: Ground out 3-1 (Groundball, 34, EV 91.9 MPH)
Batting: LHB Diego Alejandro Ureña 0-0: SINGLE (Line Drive, 9S, EV 91.9 MPH)
Pitching: RHP Leo Cassidy
Batting: RHB Bill Wells 0-0: Ball
1-0: Foul Ball, location: 2F
1-1: Fly out, F6 (Line Drive, 6, EV 68.8 MPH)
Bottom of the 5th over - 0 runs, 1 hit, 0 errors, 1 left on base; Grim 3 - Mancelona 1
TOP OF THE 6TH
Grim Reapers batting - Pitching for Mancelona Torch : RHP Eric Blevins
Batting: RHB Joe Holmes 0-0: Called Strike
0-1: Ball
1-1: Ball
2-1: SOLO HOME RUN (Flyball, 7D, EV 108.8 MPH), Distance : 368 ft
Batting: SHB Danny Warner 0-0: Ball
1-0: Foul Ball, location: 2F
1-1: Ball
2-1: Foul Ball, location: 2F
2-2: Foul Ball, location: 2F
2-2: Foul Ball, location: 2F
2-2: Ball
3-2: Ground out 5-3 (Groundball, 5, EV 86.2 MPH)
Batting: LHB John Manley 0-0: Ball
1-0: Fly out, F7 (Flyball, 7S, EV 90.0 MPH)
Batting: RHB Norihisa Kino 0-0: Called Strike
0-1: Ground out 1-3 (Groundball, 34S, EV 73.8 MPH)
Top of the 6th over - 1 run, 1 hit, 0 errors, 0 left on base; Grim 4 - Mancelona 1
BOTTOM OF THE 6TH
Mancelona Torch batting - Pitching for Grim Reapers : RHP Leo Cassidy
Batting: SHB Alan Campbell 0-0: Called Strike
0-1: Foul Ball, location: 2F
0-2: Strikes out swinging
Batting: LHB Qi-zhen Shen 0-0: Ball
1-0: SINGLE (Groundball, 6MD, EV 106.2 MPH)
Batting: RHB Paul Sykes 0-0: Called Strike
0-1: Ball
1-1: Ball
2-1: Swinging Strike
2-2: Foul Ball, location: 2F
2-2: Foul Ball, location: 2F
2-2: Foul Ball, location: 2F
2-2: Ball
3-2: DOUBLE (Line Drive, 89D, EV 106.2 MPH)
Qi-zhen Shen to third
Batting: RHB Glen Stockhill 0-0: Ball
1-0: Foul Ball, location: 2F
1-1: Foul Ball, location: 2F
1-2: Foul Ball, location: 2F
1-2: Ball
2-2: Ground out 4-3 (Groundball, 4, EV 91.9 MPH)
Qi-zhen Shen scores
Paul Sykes to third
Batting: RHB Francisco Rocha 0-0: Foul Ball, location: 2F
0-1: SINGLE (Groundball, 56D, EV 103.1 MPH)
Paul Sykes scores
Batting: RHB Joe Havermeyer 0-0: Swinging Strike
0-1: Ball
Francisco Rocha is caught stealing 2nd base 2-4
Bottom of the 6th over - 2 runs, 3 hits, 0 errors, 0 left on base; Grim 4 - Mancelona 3
TOP OF THE 7TH
Grim Reapers batting - Pitching for Mancelona Torch : RHP Eric Blevins
Pitching: LHP Jorge Ortega
Batting: RHB Jim Rigsby 0-0: Ball
1-0: Called Strike
1-1: Called Strike
1-2: Ball
2-2: Strikes out swinging
Batting: RHB Curtis Tiger 0-0: Ball
1-0: Called Strike
1-1: Ground out 4-3 (Groundball, 34, EV 85.6 MPH)
Batting: RHB Jim McCourtney 0-0: Ball
1-0: Called Strike
1-1: Foul Ball, location: 2F
1-2: Strikes out swinging
Top of the 7th over - 0 runs, 0 hits, 0 errors, 0 left on base; Grim 4 - Mancelona 3
BOTTOM OF THE 7TH
Mancelona Torch batting - Pitching for Grim Reapers : RHP Leo Cassidy
Batting: RHB Joe Havermeyer 0-0: Fly out, F9 (Flyball, 89S, EV 94.4 MPH)
Batting: RHB Ramiro Castillo 0-0: Ball
1-0: Fly out, F3 (Line Drive, 3, EV 64.4 MPH)
Batting: LHB Diego Alejandro Ureña 0-0: DOUBLE (Line Drive, 9LS, EV 110.6 MPH)
Pitching: RHP Josse Gavicho
Batting: RHB Bill Wells 0-0: Swinging Strike
0-1: Fly out, F8 (Line Drive, 8RM, EV 97.5 MPH)
Bottom of the 7th over - 0 runs, 1 hit, 0 errors, 1 left on base; Grim 4 - Mancelona 3
TOP OF THE 8TH
Grim Reapers batting - Pitching for Mancelona Torch : LHP Jorge Ortega
Batting: RHB Ron Lott 0-0: Foul Ball, location: 2F
0-1: Fly out, F5 (Popup, 5L, EV 73.1 MPH)
Batting: RHB John Crosby 0-0: SINGLE (Line Drive, 9S, EV 86.2 MPH)
Batting: RHB Joe Holmes 0-0: Ball
1-0: Ball
2-0: Fly out, F8 (Line Drive, 8RM, EV 93.1 MPH)
Batting: SHB Danny Warner 0-0: Ball
1-0: Foul Ball, location: 2F
1-1: Ball
2-1: Foul Ball, location: 2F
2-2: SINGLE (Groundball, 6MD, EV 94.4 MPH)
John Crosby to second
Pinch Runner at 2nd Gary Pueblo:
Batting: LHB John Manley 0-0: Called Strike
0-1: Called Strike
0-2: Ball
1-2: Strikes out swinging
Top of the 8th over - 0 runs, 2 hits, 0 errors, 2 left on base; Grim 4 - Mancelona 3
BOTTOM OF THE 8TH
Mancelona Torch batting - Pitching for Grim Reapers : RHP Josse Gavicho
Batting: SHB Alan Campbell 0-0: Ball
1-0: Ball
2-0: Called Strike
2-1: Ground out 6-3 (Groundball, 4M, EV 81.9 MPH)
Batting: LHB Qi-zhen Shen 0-0: Ball
1-0: Ball
2-0: SINGLE (Line Drive, 4M, EV 96.9 MPH)
Batting: RHB Paul Sykes 0-0: Ball
1-0: Ball
2-0: Called Strike
2-1: Called Strike
2-2: Fly out, F7 (Flyball, 78S, EV 81.2 MPH)
Batting: RHB Glen Stockhill 0-0: Called Strike
0-1: SINGLE (Line Drive, 78D, EV 96.2 MPH)
Qi-zhen Shen to second
Pinch Runner at 2nd Thiago Cicerón:
Batting: RHB Francisco Rocha 0-0: Foul Ball, location: 2F
0-1: Ground out 4-3 (Groundball, 4, EV 82.5 MPH)
Bottom of the 8th over - 0 runs, 2 hits, 0 errors, 2 left on base; Grim 4 - Mancelona 3
TOP OF THE 9TH
Grim Reapers batting - Pitching for Mancelona Torch : LHP Jorge Ortega
Now at 1B: Marc Chagall
Batting: RHB Norihisa Kino 0-0: SOLO HOME RUN (Flyball, 7D, EV 88.8 MPH), Distance : 382 ft
Batting: RHB Jim Rigsby 0-0: Ball
1-0: Called Strike
1-1: Ball
2-1: Ball
3-1: Base on Balls
Batting: RHB Curtis Tiger 0-0: Called Strike
0-1: Ball
1-1: Ball
2-1: Ball
3-1: Foul Ball, location: 2F
3-2: Strikes out swinging
Jim Rigsby steals 2nd base
Batter strikes out.
Batting: RHB Jim McCourtney 0-0: Ball
1-0: Ball
2-0: SINGLE (Flyball, 89S, EV 89.4 MPH)
Jim Rigsby to third
Pitching: LHP Diyaa Ababneh
Batting: RHB Ron Lott 0-0: Ball
1-0: Ball
2-0: Ball
3-0: Called Strike
3-1: 3-RUN HOME RUN (Flyball, 7D, EV 107.5 MPH), Distance : 373 ft
Batting: RHB Gary Pueblo 0-0: Fly out, F8 (Flyball, 8LD, EV 99.4 MPH)
Batting: RHB Joe Holmes 0-0: Ball
1-0: Foul Ball, location: 2F
1-1: Fly out, F7 (Flyball, 78M, EV 86.2 MPH)
Top of the 9th over - 4 runs, 3 hits, 0 errors, 0 left on base; Grim 8 - Mancelona 3
BOTTOM OF THE 9TH
Mancelona Torch batting - Pitching for Grim Reapers : RHP Josse Gavicho
Batting: RHB Joe Havermeyer 0-0: Fly out, F8 (Line Drive, 8LM, EV 104.4 MPH)
Batting: RHB Ramiro Castillo 0-0: SINGLE (Groundball, 34D, EV 105.6 MPH)
Batting: LHB Diego Alejandro Ureña 0-0: Ball
1-0: Foul Ball, location: 2F
1-1: Ball
2-1: Foul Ball, location: 2F
2-2: Foul Ball, location: 2F
2-2: Grounds into double play, 4-6-3 (Groundball, 34, EV 90.0 MPH)
Bottom of the 9th over - 0 runs, 1 hit, 0 errors, 0 left on base; Grim 8 - Mancelona 3
Tuesday, January 5th, 2021 - OOTP Baseball 20.8 Build 74